[ AOE2 MATCH · #484124642 ]
UnrankedKhmer vs Mongols
[ REPLAY ANALYSIS · EXTRACTED FROM THE RECORDED GAME ]
Feudal
14:07
Castle
—
Imperial
—
| APM avg | 11.3 |
| APM peak | 28 |
| eAPM avg | 6.9 |
| Villagers / military | 26 / 0 |
Focus
⚔️ 3.8% · 🌾 96.2%
Feudal
10:42
Castle
14:17
Imperial
—
| APM avg | 40.7 |
| APM peak | 67 |
| eAPM avg | 15.7 |
| Villagers / military | 30 / 0 |
Focus
⚔️ 14.6% · 🌾 85.4%
Feudal
9:41
Castle
13:11
Imperial
—
| APM avg | 38.5 |
| APM peak | 86 |
| eAPM avg | 12.8 |
| Villagers / military | 30 / 0 |
Focus
⚔️ 14.1% · 🌾 85.9%
Feudal
11:51
Castle
—
Imperial
—
| APM avg | 12.0 |
| APM peak | 36 |
| eAPM avg | 6.5 |
| Villagers / military | 17 / 0 |
Focus
⚔️ 8.2% · 🌾 91.8%
Feudal
13:08
Castle
—
Imperial
—
| APM avg | 27.8 |
| APM peak | 83 |
| eAPM avg | 10.3 |
| Villagers / military | 26 / 0 |
Focus
⚔️ 0.7% · 🌾 99.3%
Feudal
11:17
Castle
—
Imperial
—
| APM avg | 22.8 |
| APM peak | 40 |
| eAPM avg | 10.3 |
| Villagers / military | 25 / 0 |
Focus
⚔️ 4.3% · 🌾 95.7%
Feudal
12:56
Castle
—
Imperial
—
| APM avg | 21.4 |
| APM peak | 32 |
| eAPM avg | 10.5 |
| Villagers / military | 34 / 0 |
Focus
⚔️ 6.9% · 🌾 93.1%
Feudal
—
Castle
—
Imperial
—
| APM avg | 6.3 |
| APM peak | 56 |
| eAPM avg | 2.9 |
| Villagers / military | 6 / 0 |
Focus
⚔️ 14.3% · 🌾 85.7%
Match map
Initial resources + every placement click. Lines = walls · curves = elevation contours. ◆ gold · ⬟ stone · ● berries · ✦ relic · ◌ wall gap
Your base· ✓ Closed at 12:00 · 22t walls · no gate
忽略不计's base· Open — opponent sealed themselves in
12344321's base· Open — opponent sealed themselves in
大爱仙尊's base· Open — opponent sealed themselves in
elejin9388's base· ✓ Closed at 14:01 · 0t walls · no gate
Roypxa's base· ✓ Closed at 12:00 · 17t walls · no gate
89897777's base· Open — opponent sealed themselves in
I Am NOT The Hope's base· ✓ Closed at 12:00 · 17t walls · no gate
Smoothed initial terrain · ◌ = detected wall gap · hover for details
Inputs per minute
— GloW - - 忽略不计
Build order — GloW
40 actions detected in the replay
| 0:02 | Create | Villager (Male) |
| 0:03 | Create | Villager (Male) |
| 0:03 | Create | Villager (Male) |
| 0:06 | Build | House |
| 0:08 | Build | House |
| 0:31 | Create | Villager (Male) |
| 0:31 | Create | Villager (Male) |
| 1:10 | Research | Loom |
| 1:10 | Create | Villager (Male) |
| 1:49 | Create | Villager (Male) |
| 2:47 | Create | Villager (Male) |
| 2:48 | Create | Villager (Male) |
| 3:07 | Build | Palisade Wall |
| 3:32 | Create | Villager (Male) |
| 4:18 | Create | Villager (Male) |
| 4:18 | Create | Villager (Male) |
| 5:15 | Create | Villager (Male) |
| 5:35 | Build | Mining Camp |
| 6:14 | Create | Villager (Male) |
| 6:39 | Build | Palisade Wall |
| 6:41 | Create | Villager (Male) |
| 7:18 | Create | Villager (Male) |
| 7:18 | Create | Villager (Male) |
| 7:25 | Build | House |
| 8:00 | Build | Mill |
| 8:02 | Create | Villager (Male) |
| 8:14 | Build | Mining Camp |
| 8:18 | Create | Villager (Male) |
| 8:25 | Build | House |
| 9:05 | Create | Villager (Male) |
| 9:18 | Build | House |
| 9:24 | Build | Lumber Camp |
| 9:30 | Create | Villager (Male) |
| 9:57 | Create | Villager (Male) |
| 10:30 | Create | Villager (Male) |
| 10:54 | Create | Villager (Male) |
| 11:57 | Research | Feudal Age |
| 13:27 | Create | Villager (Male) |
| 13:27 | Create | Villager (Male) |
| 14:07 | Age | Feudal Age |
Build order — 忽略不计
55 actions detected in the replay
| 0:03 | Build | House |
| 0:05 | Build | House |
| 0:16 | Create | Villager (Male) |
| 0:17 | Create | Villager (Male) |
| 0:17 | Create | Villager (Male) |
| 0:17 | Create | Villager (Male) |
| 0:54 | Build | Palisade Wall |
| 2:01 | Create | Villager (Male) |
| 2:20 | Build | Palisade Wall |
| 2:22 | Create | Villager (Male) |
| 2:22 | Create | Villager (Male) |
| 2:43 | Create | Villager (Male) |
| 2:43 | Create | Villager (Male) |
| 2:57 | Build | House |
| 3:16 | Build | Lumber Camp |
| 3:28 | Create | Villager (Male) |
| 3:29 | Create | Villager (Male) |
| 4:22 | Create | Villager (Male) |
| 4:34 | Create | Villager (Male) |
| 4:35 | Create | Villager (Male) |
| 4:35 | Create | Villager (Male) |
| 4:41 | Create | Villager (Male) |
| 6:12 | Build | House |
| 6:20 | Create | Villager (Male) |
| 6:43 | Build | Mining Camp |
| 6:44 | Create | Villager (Male) |
| 6:54 | Create | Villager (Male) |
| 7:09 | Create | Villager (Male) |
| 7:09 | Create | Villager (Male) |
| 7:10 | Create | Villager (Male) |
| 7:10 | Create | Villager (Male) |
| 7:10 | Create | Villager (Male) |
| 7:23 | Build | Mill |
| 7:44 | Create | Villager (Male) |
| 8:05 | Research | Feudal Age |
| 10:31 | Create | Villager (Male) |
| 10:31 | Create | Villager (Male) |
| 10:42 | Age | Feudal Age |
| 10:50 | Build | Blacksmith |
| 10:53 | Build | Market |
| 10:57 | Research | Double-Bit Axe |
| 11:37 | Research | Castle Age |
| 11:57 | Research | Horse Collar |
| 12:14 | Build | Farm |
| 12:21 | Build | Farm |
| 12:38 | Build | House |
| 12:39 | Build | House |
| 12:55 | Build | Farm |
| 14:07 | Create | Villager (Male) |
| 14:17 | Age | Castle Age |
| 14:20 | Build | Town Center |
| 14:28 | Build | Town Center |
| 14:46 | Create | Villager (Male) |
| 14:47 | Build | Farm |
| 15:02 | Create | Villager (Male) |
Build order — 12344321
48 actions detected in the replay
| 0:01 | Create | Villager (Male) ×4 |
| 0:02 | Build | House |
| 0:03 | Build | House |
| 1:26 | Create | Villager (Male) |
| 1:47 | Build | Lumber Camp |
| 1:50 | Create | Villager (Male) |
| 2:13 | Create | Villager (Male) ×2 |
| 3:11 | Create | Villager (Male) ×3 |
| 3:27 | Build | House |
| 3:32 | Create | Villager (Male) |
| 4:22 | Create | Villager (Male) |
| 4:45 | Create | Villager (Male) |
| 5:07 | Build | Mill |
| 5:17 | Create | Villager (Male) |
| 5:23 | Build | House |
| 5:27 | Create | Villager (Male) |
| 5:27 | Create | Villager (Male) |
| 5:50 | Create | Villager (Male) |
| 6:35 | Create | Villager (Male) |
| 7:13 | Build | Mining Camp |
| 7:21 | Research | Feudal Age |
| 7:46 | Create | Villager (Male) |
| 7:46 | Create | Villager (Male) |
| 7:50 | Build | House |
| 9:41 | Age | Feudal Age |
| 9:42 | Build | Market |
| 9:43 | Build | Blacksmith |
| 9:44 | Research | Double-Bit Axe |
| 10:29 | Research | Castle Age |
| 10:29 | Research | Castle Age |
| 10:32 | Research | Horse Collar |
| 11:51 | Create | Villager (Male) |
| 11:52 | Create | Villager (Male) |
| 13:11 | Age | Castle Age |
| 13:13 | Build | Town Center |
| 13:18 | Build | Town Center |
| 13:23 | Research | Bow Saw |
| 13:41 | Create | Villager (Male) |
| 13:43 | Build | House |
| 13:44 | Build | House |
| 14:02 | Create | Villager (Male) |
| 14:19 | Research | Heavy Plow |
| 14:25 | Research | Wheelbarrow |
| 14:37 | Create | Villager (Male) |
| 14:47 | Create | Villager (Male) |
| 14:48 | Create | Villager (Male) |
| 14:55 | Create | Villager (Male) |
| 15:07 | Create | Villager (Male) |
Build order — 大爱仙尊
32 actions detected in the replay
| 0:26 | Create | Villager (Male) |
| 0:26 | Create | Villager (Male) |
| 0:27 | Create | Villager (Male) |
| 0:27 | Create | Villager (Male) |
| 1:05 | Build | House |
| 1:06 | Build | House |
| 2:43 | Create | Villager (Male) |
| 2:44 | Create | Villager (Male) |
| 2:44 | Create | Villager (Male) |
| 3:19 | Create | Villager (Male) |
| 3:19 | Create | Villager (Male) |
| 5:26 | Build | Mill |
| 5:36 | Create | Villager (Male) |
| 5:36 | Create | Villager (Male) |
| 6:34 | Build | House |
| 7:00 | Create | Villager (Male) |
| 7:00 | Create | Villager (Male) |
| 8:53 | Build | Lumber Camp |
| 9:41 | Research | Feudal Age |
| 9:42 | Research | Feudal Age |
| 10:54 | Create | Villager (Male) |
| 10:54 | Create | Villager (Male) |
| 10:54 | Create | Villager (Male) |
| 10:55 | Create | Villager (Male) |
| 11:20 | Build | Barracks |
| 11:42 | Build | Farm |
| 11:44 | Build | Farm |
| 11:51 | Age | Feudal Age |
| 12:05 | Research | Double-Bit Axe |
| 12:43 | Build | Watch Tower |
| 13:27 | Build | Farm |
| 14:00 | Build | Farm |
Build order — elejin9388
44 actions detected in the replay
| 0:03 | Build | House |
| 0:04 | Create | Villager (Male) |
| 0:05 | Build | House |
| 0:14 | Create | Villager (Male) |
| 0:14 | Create | Villager (Male) |
| 0:15 | Create | Villager (Male) |
| 0:15 | Create | Villager (Male) |
| 1:47 | Create | Villager (Male) |
| 1:58 | Create | Villager (Male) |
| 2:11 | Create | Villager (Male) |
| 2:40 | Create | Villager (Male) |
| 2:40 | Create | Villager (Male) |
| 3:02 | Create | Villager (Male) |
| 3:07 | Build | House |
| 3:08 | Build | House |
| 3:09 | Build | House |
| 3:11 | Build | House |
| 3:12 | Build | House |
| 3:16 | Create | Villager (Male) |
| 3:37 | Create | Villager (Male) |
| 4:03 | Create | Villager (Male) |
| 4:34 | Create | Villager (Male) |
| 4:50 | Create | Villager (Male) |
| 5:05 | Create | Villager (Male) |
| 5:31 | Build | Mill |
| 5:55 | Build | Lumber Camp |
| 6:12 | Create | Villager (Male) |
| 7:05 | Create | Villager (Male) |
| 7:45 | Build | Mill |
| 8:53 | Create | Villager (Male) |
| 8:55 | Create | Villager (Male) |
| 8:55 | Create | Villager (Male) |
| 9:01 | Create | Villager (Male) |
| 9:03 | Create | Villager (Male) |
| 9:03 | Create | Villager (Male) |
| 9:03 | Create | Villager (Male) |
| 9:22 | Build | Mining Camp |
| 10:40 | Research | Feudal Age |
| 13:07 | Build | Mining Camp |
| 13:08 | Age | Feudal Age |
| 13:11 | Build | Market |
| 13:18 | Build | Blacksmith |
| 14:01 | Research | Castle Age |
| 14:02 | Research | Castle Age |
Build order — Roypxa
49 actions detected in the replay
| 0:02 | Create | Villager (Male) |
| 0:03 | Create | Villager (Male) |
| 0:03 | Create | Villager (Male) |
| 0:04 | Research | Loom |
| 0:06 | Build | House |
| 0:08 | Create | Villager (Male) |
| 0:31 | Build | House |
| 0:57 | Build | House |
| 1:34 | Build | Lumber Camp |
| 1:38 | Create | Villager (Male) |
| 2:37 | Create | Villager (Male) |
| 2:55 | Create | Villager (Male) |
| 3:57 | Create | Villager (Male) |
| 4:00 | Create | Villager (Male) |
| 4:21 | Create | Villager (Male) |
| 5:00 | Build | Mill |
| 5:22 | Create | Villager (Male) |
| 5:24 | Create | Villager (Male) |
| 5:51 | Create | Villager (Male) |
| 6:21 | Build | Palisade Wall |
| 6:28 | Create | Villager (Male) |
| 6:57 | Create | Villager (Male) |
| 7:02 | Build | House |
| 7:35 | Create | Villager (Male) |
| 7:46 | Build | Mining Camp |
| 7:51 | Build | House |
| 7:58 | Create | Villager (Male) |
| 8:36 | Create | Villager (Male) |
| 9:00 | Build | Mill |
| 9:07 | Research | Feudal Age |
| 9:57 | Build | Mining Camp |
| 10:08 | Create | Villager (Male) |
| 10:09 | Create | Villager (Male) |
| 10:47 | Build | Mining Camp |
| 11:00 | Create | Villager (Male) |
| 11:00 | Create | Villager (Male) |
| 11:17 | Age | Feudal Age |
| 11:27 | Build | Stone Wall |
| 11:31 | Build | Stone Wall |
| 11:45 | Research | Double-Bit Axe |
| 12:12 | Build | Farm |
| 12:39 | Build | Farm |
| 12:42 | Create | Villager (Male) |
| 13:00 | Build | Barracks |
| 13:11 | Build | Farm |
| 13:14 | Create | Villager (Male) |
| 13:42 | Build | House |
| 14:15 | Build | Market |
| 14:24 | Create | Villager (Male) |
Build order — 89897777
51 actions detected in the replay
| 0:03 | Research | Loom |
| 0:07 | Build | House |
| 0:09 | Build | House |
| 0:25 | Create | Villager (Male) |
| 0:25 | Create | Villager (Male) |
| 0:26 | Create | Villager (Male) |
| 0:26 | Create | Villager (Male) |
| 1:35 | Create | Villager (Male) |
| 1:36 | Create | Villager (Male) |
| 2:28 | Create | Villager (Male) |
| 2:29 | Create | Villager (Male) |
| 2:29 | Create | Villager (Male) |
| 2:29 | Create | Villager (Male) |
| 2:51 | Create | Villager (Male) |
| 2:52 | Create | Villager (Male) |
| 3:36 | Create | Villager (Male) |
| 3:36 | Create | Villager (Male) |
| 3:36 | Create | Villager (Male) |
| 3:46 | Build | House |
| 4:00 | Create | Villager (Male) |
| 4:00 | Create | Villager (Male) |
| 4:20 | Create | Villager (Male) |
| 4:21 | Create | Villager (Male) |
| 4:21 | Create | Villager (Male) |
| 5:14 | Create | Villager (Male) |
| 5:14 | Create | Villager (Male) |
| 6:14 | Build | Lumber Camp |
| 6:16 | Build | House |
| 6:21 | Create | Villager (Male) |
| 6:43 | Create | Villager (Male) |
| 6:43 | Create | Villager (Male) |
| 7:48 | Create | Villager (Male) |
| 7:48 | Create | Villager (Male) |
| 7:54 | Build | House |
| 8:41 | Create | Villager (Male) |
| 8:42 | Create | Villager (Male) |
| 9:10 | Create | Villager (Male) |
| 9:34 | Create | Villager (Male) |
| 9:43 | Build | Mining Camp |
| 10:04 | Create | Villager (Male) |
| 10:09 | Research | Feudal Age |
| 10:32 | Build | Mill |
| 10:52 | Build | House |
| 11:08 | Build | Lumber Camp |
| 12:56 | Age | Feudal Age |
| 13:39 | Research | Castle Age |
| 13:53 | Build | Stable |
| 14:10 | Research | Double-Bit Axe |
| 14:14 | Research | Gold Mining |
| 14:17 | Create | Villager (Male) |
| 14:17 | Create | Villager (Male) |
Build order — I Am NOT The Hope
10 actions detected in the replay
| 0:07 | Create | Villager (Male) |
| 0:07 | Create | Villager (Male) |
| 0:08 | Create | Villager (Male) |
| 0:08 | Create | Villager (Male) |
| 0:08 | Create | Villager (Male) |
| 0:08 | Create | Villager (Male) |
| 0:09 | Build | House |
| 0:11 | Build | House |
| 0:48 | Build | Palisade Wall |
| 2:01 | Build | Palisade Wall |
Match timeline
| 0:48 | I Am NOT The Hope · wall_segment Palisade Wall x9 |
| 0:54 | 忽略不计 · wall_segment Palisade Wall x7 |
| 2:01 | I Am NOT The Hope · wall_segment Palisade Wall x8 |
| 2:13 | I Am NOT The Hope · resign |
| 2:20 | 忽略不计 · wall_segment Palisade Wall x1 |
| 3:07 | GloW · wall_segment Palisade Wall x11 |
| 6:21 | Roypxa · wall_segment Palisade Wall x8 |
| 6:39 | GloW · wall_segment Palisade Wall x11 |
| 9:41 | 12344321 · age_up feudal |
| 10:42 | 忽略不计 · age_up feudal |
| 11:17 | Roypxa · age_up feudal |
| 11:20 | 大爱仙尊 · first_building Barracks |
| 11:27 | Roypxa · wall_segment Stone Wall x9 |
| 11:31 | Roypxa · wall_segment Stone Wall x1 |
| 11:51 | 大爱仙尊 · age_up feudal |
| 12:56 | 89897777 · age_up feudal |
| 13:00 | Roypxa · first_building Barracks |
| 13:08 | elejin9388 · age_up feudal |
| 13:11 | 12344321 · age_up castle |
| 13:53 | 89897777 · first_building Stable |
| 14:07 | GloW · age_up feudal |
| 14:17 | 忽略不计 · age_up castle |
[ AI ANALYSIS · 1 CREDIT ]
What really happened in this match?
Wolo.gg analyzes every decision: build order, eco, micro, common mistakes by bracket. Personalized analysis on WhatsApp or Discord in 30 seconds.
Civ guide
Khmer
Perfil
Jugador #1173503